Cogmind - Beta 16 @@@ ROGUE MODE // 2025.10.28 @ 22:20:52 Player: welikiq Result: Self-destructed Performance ------------- Evolutions (1) 500 Regions Visited (2) 400 Robots Destroyed (14) 70 Value Destroyed (287) 287 Prototype IDs (2) 40 Alien Tech Used (0) 0 Bonus (0) 0 TOTAL SCORE: 1297 Bonus ------- None Cogmind --------- Core Integrity 172/400 Matter 135/300 Energy 201/250 System Corruption 0% Temperature Critical (536) Movement Core (250) Ox4 Location -9/Materials Parts ------- > --- POWER (1) -------- Ion Engine > --- PROPULSION (4) --- Aluminum Leg Aluminum Leg > --- UTILITY (2) ------ Small Storage Unit > --- WEAPON (2) ------- Field Laser > --- INVENTORY (8) ---- Light Ion Engine Trap Scanner Trap Scanner Sensor Array Improved Terrain Scan Processor Seismic Detector Seismic Detector Datajack Peak State ------------ > --- POWER ------------ Ion Engine > --- PROPULSION ------- Aluminum Leg Aluminum Leg Aluminum Leg > --- UTILITY ---------- Small Storage Unit Seismic Detector > --- WEAPON ----------- Field Laser Field Laser > --- INVENTORY -------- Light Ion Engine Trap Scanner Trap Scanner Sensor Array Seismic Detector EM Shotgun Mining Laser [Rating: 13] Favorites ----------- Power Ion Engine Engine Ion Engine Propulsion Aluminum Leg Leg Aluminum Leg Utility Small Storage Unit Device Seismic Detector Storage Small Storage Unit Protection Medium Armor Plating Weapon Field Laser Energy Gun Field Laser Special Melee Weapon Datajack Build | -11 -10 -9 ------- Run | Yrd Mat Mat Slots Evolved 2 | . . 2 Power . | . . . Propulsion 2 | . . 2 Utility . | . . . Weapon . | . . . Parts Attached 16 | 7 3 6 Power 1 | 1 . . Engine 1 | 1 . . Core . | . . . Reactor . | . . . Propulsion 3 | 2 . 1 Treads . | . . . Leg 3 | 2 . 1 Wheel . | . . . Hover . | . . . Flight . | . . . Utility 3 | 2 . 1 Device 1 | 1 . . Storage 1 | 1 . . Processor . | . . . Hackware . | . . . Protection 1 | . . 1 Artifact . | . . . Weapon 9 | 2 3 4 Energy Gun 8 | 2 3 3 Energy Cannon . | . . . Ballistic Gun . | . . . Ballistic Cannon . | . . . Launcher . | . . . Special Weapon . | . . . Impact Weapon . | . . . Slashing Weapon . | . . . Piercing Weapon . | . . . Special Melee Weapon 1 | . . 1 Unidentified Prototypes . | . . . Parts Lost 5 | . 2 3 Power . | . . . Propulsion 1 | . . 1 Utility 1 | . . 1 Weapon 3 | . 2 1 Highest Loss Streak 3 | . 1 3 To Critical Strikes . | . . . Average Backups 5 | 1 4 7 Power . | . 1 1 Propulsion . | . . . Utility 3 | . 1 5 Weapon . | . 1 . Tool/Special . | . . . Unused Backups 11 | . . 11 Power 1 | . . 1 Propulsion . | . . . Utility 6 | . . 6 Weapon 4 | . . 4 Tool/Special . | . . . Average Slot Usage (%) 91 | . 99 86 Engine 12 | . 14 11 Leg 31 | . 28 33 Device 9 | . 14 7 Storage 12 | . 14 11 Protection 2 | . . 4 Energy Gun 23 | . 27 20 Peak Build Rating 13 | 7 9 13 Average Rating 9 | 5 8 12 On Entrance 4 | . 7 7 Avg Prop Armor Cover (%) . | . . . Naked Turns . | . . . Heaviest Build 23 | 13 17 23 Greatest Support 30 | 20 20 30 Greatest Overweight (x) 1 | . . 1 Average Overweight (x) . | . . . Largest Inventory Capacity 8 | 8 8 8 Average Capacity 7 | 7 8 8 Most Carried 8 | 3 6 8 Average Carried 5 | 1 5 7 Final Capacity 8 | 8 8 8 Final Carried 8 | 3 6 8 Class Distribution -------------------- 100% | Mutant Dominant Class ---------------- Mutant | -10/Materials Mutant | -9/Materials Resources | -11 -10 -9 ----------- Run | Yrd Mat Mat Matter Collected 401 | 199 79 123 Remotely . | . . . Salvage Created 456 | 164 169 123 Parts 31 | 16 10 5 Haulers Intercepted . | . . . Recyclers Shooed . | . . . Parts Field Recycled . | . . . Retrieved Matter . | . . . Parts Self-Destructed . | . . . Prevented . | . . . Parts Restored . | . . . Kills | -11 -10 -9 ------- Run | Yrd Mat Mat Combat Hostiles Destroyed 8 | . 5 3 Guns 7 | . 4 3 AOE 1 | . 1 . Classes Destroyed 7 | 2 3 2 Tunneler 4 | 4 . . Recycler 1 | 1 . . Watcher 1 | . 1 . Swarmer 3 | . 3 . Grunt 3 | . 2 1 Duelist 1 | . . 1 Sentry 1 | . . 1 Best Kill Streak 3 | 3 3 1 Combat Bots Only 3 | . 3 1 Max Kills in Single Turn 2 | 1 2 1 Gunslinging . | . . . Exploded 1 | . 1 . Melee . | . . . Uniques/NPCs Destroyed . | . . . Combat | -11 -10 -9 -------- Run | Yrd Mat Mat Hostile Shots Fired 57 | . 12 45 Missed 11 | . 5 6 Hits 46 | . 7 39 Melee 4 | . . 4 Projectile 42 | . 7 35 Damage Taken 760 | . 150 610 Core 244 | . 16 228 Absorbed by Shields . | . . . Core Remaining (%) 96 | 100 93 . Volleys Fired 37 | 9 6 22 Largest 2 | 2 2 2 Hottest 128 | 80 90 128 Shots Fired 70 | 18 12 40 Gun 70 | 18 12 40 Cannon . | . . . Launcher . | . . . Special . | . . . Kinetic . | . . . Thermal 60 | 18 2 40 Explosive . | . . . Electromagnetic 10 | . 10 . Robot Hit Streak 10 | 3 9 10 Robot Miss Streak 5 | 3 3 5 Penetration Max . | . . . Secondary Targets 2 | . 1 1 Max Gunslinging Chain 1 | . 1 1 Shots Hit Robots 52 | 8 10 34 Core Hits 39 | 6 11 22 Critical Kills . | . . . Critical Parts Destroyed . | . . . Critical Strikes . | . . . Melee Attacks . | . . . Impact . | . . . Slashing . | . . . Piercing . | . . . Sneak Attacks . | . . . Combat Hostiles . | . . . Follow-up Attacks . | . . . Damage Inflicted 746 | 112 180 454 Guns 693 | 112 130 451 Cannons . | . . . Explosions 50 | . 50 . Melee . | . . . Ramming 3 | . . 3 Kinetic . | . . . Thermal 636 | 112 73 451 Explosive . | . . . Electromagnetic 107 | . 107 . Impact . | . . . Slashing . | . . . Piercing . | . . . Highest Corruption 2 | . 2 . Average Corruption 2 | . 2 . Corruption Purged . | . . . Corruption Blocked . | . . . Effects 1 | . 1 . Matter Fused 1 | . 1 . Overload Shots . | . . . Overflow Damage 5 | . 5 . Projectiles . | . . . Explosions 5 | . 5 . Melee . | . . . Knockbacks . | . . . Impact . | . . . Kinetic . | . . . Secondary . | . . . Self-Inflicted Damage 87 | . 87 . Shots 2 | . 2 . Rammed . | . . . Targets Rammed 1 | . . 1 Kicked 1 | . . 1 Crushed . | . . . Highest Temperature 650 | 56 102 650 Average Temperature 195 | 26 43 284 Received Heat Transfer 213 | . 6 207 Effects 25 | . . 25 Shutdowns 3 | . . 3 Energy Bleed 3 | . . 3 Interference 2 | . . 2 Matter Decay 5 | . . 5 Short Circuit 2 | . . 2 Damage (minor) 1 | . . 1 Damage (major) 7 | . . 7 Damage (core) 2 | . . 2 Siege Activations . | . . . Martial Activations . | . . . Shielding Activations . | . . . Robots Disrupted . | . . . Combat Hostiles . | . . . Robots Corrupted . | . . . Combat Hostiles . | . . . Parts Fried . | . . . Impact Corruptions . | . . . Robots Melted . | . . . Combat Hostiles . | . . . Parts Melted 2 | 2 . . Heat Transferred 1089 | 250 100 739 Parts Sabotaged . | . . . Parts Stolen . | . . . Parts Stripped . | . . . Power Chain Reactions 2 | . 2 . Alert | -11 -10 -9 ------- Run | Yrd Mat Mat Maximum Alert Level . | . . . Low Security (%) 100 | 100 100 100 Level 1 . | . . . Level 2 . | . . . Level 3 . | . . . Level 4 . | . . . Level 5 . | . . . High Security . | . . . Max Security . | . . . Peak Influence 95 | 10 95 31 Initial 27 | . . 27 Average 13 | 1 26 9 Influence Increases 243 | 25 132 86 Destroy 0b10 Robot/C 160 | . 100 60 Destroy 0b10 Robot/NC 30 | 25 5 . Destroy Leader 42 | . 22 20 Successful Hack 5 | . . 5 Destroy Structure 6 | . 5 1 Influence Decreases 243 | 25 67 151 Entered New Map 38 | . . 38 Time Decay 165 | 25 47 93 Lost Part 40 | . 20 20 Squads Dispatched 1 | . . 1 Investigation . | . . . Extermination . | . . . Reinforcement 1 | . . 1 Assault . | . . . Garrison . | . . . Intercept . | . . . Searches Triggered . | . . . Construction Impeded . | . . . Haulers Reinforced . | . . . Active Scanning Responses . | . . . Cargo Convoy Interrupts . | . . . Stealth | -11 -10 -9 --------- Run | Yrd Mat Mat Distress Signals 1 | . . 1 Communications Jammed . | . . . Distress Signals . | . . . Times Spotted 16 | . 8 8 Peak Tracking Total 5 | . 2 5 Tactical Retreats . | . . . Traps | -11 -10 -9 ------- Run | Yrd Mat Mat Traps Triggered 1 | . 1 . Indirectly . | . . . Trap Hack Attempts . | . . . Triggered . | . . . Disarmed . | . . . Reprogrammed . | . . . Reused . | . . . Traps Extracted . | . . . Installed . | . . . Triggered . | . . . Machines | -11 -10 -9 ---------- Run | Yrd Mat Mat Machines Disabled . | . . . Max in Single Turn . | . . . Machines Repaired . | . . . Machines Dismantled . | . . . Machines Sabotaged . | . . . Overloaded Fab Kills . | . . . Hacking | -11 -10 -9 --------- Run | Yrd Mat Mat Machines Accessed 1 | . . 1 Terminals 1 | . . 1 Fabricators . | . . . Repair Stations . | . . . Recycling Units . | . . . Scanalyzers . | . . . Garrison Access . | . . . Total Hacks 1 | . . 1 Successful 1 | . . 1 Failed . | . . . Catastrophic . | . . . Database Lockouts . | . . . Manual . | . . . Terminals 1 | . . 1 Fabricators . | . . . Repair Stations . | . . . Recycling Units . | . . . Scanalyzers . | . . . Garrison Access . | . . . Terminal Hacks 1 | . . 1 Prototype ID Bank 1 | . . 1 Fabricator Hacks . | . . . Repair Station Hacks . | . . . Recycling Unit Hacks . | . . . Scanalyzer . | . . . Garrison Access Hacks . | . . . Unauthorized Hacks . | . . . Terminals . | . . . Fabricators . | . . . Repair Stations . | . . . Recycling Units . | . . . Scanalyzers . | . . . Garrison Access . | . . . Data Cores Recovered . | . . . Used . | . . . Hacking Detections . | . . . Full Trace Events . | . . . Feedback Events . | . . . Feedback Blocked . | . . . Robot Schematics Acquired . | . . . Robots Built . | . . . Authchips . | . . . Time . | . . . Total Robot Build Rating . | . . . Part Schematics Acquired . | . . . Parts Built . | . . . Authchips . | . . . Time . | . . . Total Part Build Rating . | . . . Part Studies Acquired . | . . . Parts Repaired . | . . . Time . | . . . Parts Recycled . | . . . Recycled Matter . | . . . Retrieved Matter . | . . . Retrieved Components . | . . . Parts Scanalyzed . | . . . Part Schematics Acquired . | . . . Parts Damaged . | . . . Bothacking | -11 -10 -9 ------------ Run | Yrd Mat Mat Used RIF Installer . | . . . Robots Hacked . | . . . Non-combat . | . . . Combat . | . . . Robot Hacks Applied . | . . . Relay Couplers Released . | . . . Fabnet Peak Effective % . | . . . Robots Rewired . | . . . Allies Hacked . | . . . Hacks Repelled . | . . . Allies | -11 -10 -9 -------- Run | Yrd Mat Mat Total Allies . | . . . Largest Group . | . . . Highest-Rated Group . | . . . Highest-Rated Ally . | . . . Total Orders . | . . . Ally Attacks . | . . . Total Damage . | . . . Kills . | . . . Allies Corrupted . | . . . Allies Melted . | . . . Intel | -11 -10 -9 ------- Run | Yrd Mat Mat Active Infowar (turns) 452 | 56 203 193 Seismic 452 | 56 203 193 Robot Analysis Total . | . . . Derelict Logs Recovered . | . . . Drone Launches . | . . . Drone Recoveries . | . . . Exploration | -11 -10 -9 ------------- Run | Yrd Mat Mat Turns Passed 654 | 134 203 317 Spaces Moved 357 | 85 109 163 Core 11 | 11 . . Treads . | . . . Legs 346 | 74 109 163 Wheels . | . . . Hover . | . . . Flight . | . . . Fastest Speed 50 | 50 120 120 Average Speed 118 | 110 120 121 Slowest Speed 190 | 120 120 190 Overloaded Moves . | . . . Propulsion Burnouts . | . . . Robots Hopped . | . . . Potential Cave-ins . | . . . Cave-ins Triggered . | . . . Exploration Rate (%) 12 | 5 18 14 Regions Visited 2 Branch Regions . Pre-discovered Areas . | . . . Known Exits Taken . | . . . Unknown Exits Taken 2 | 1 1 . Scrap Searched . | . . . Spaces Dug . | . . . Terrain Destroyed 5 | . 5 . Melee . | . . . Projectile . | . . . AOE 5 | . 5 . Terrain Rammed . | . . . Walls Destroyed . | . . . Machines Disabled . | . . . Actions | -11 -10 -9 --------- Run | Yrd Mat Mat Total 510 | 103 168 239 Wait 74 | . 47 27 Move 355 | 84 108 163 Hop . | . . . Pick Up 16 | 3 4 9 Fast Attach 8 | 7 . 1 Attach 2 | . 1 1 Detach . | . . . Swap 11 | . 2 9 Drop 6 | . . 6 Fire 37 | 9 6 22 Melee . | . . . Ram . | . . . Kick 1 | . . 1 Crush . | . . . Escape Stasis . | . . . Rewire . | . . . Trap . | . . . Miscellaneous . | . . . Route ------- -11/Scrapyard -10/Materials -9/Materials History --------- Turn | Location | Event 5 | -11/Scrapyard | Discovered new exit (range 16) 135 | -11/Scrapyard | Entered Materials 303 | -10/Materials | Build established: Mutant 324 | -10/Materials | Discovered new exit (range 13) 338 | -10/Materials | Entered another Materials area 338 | -9/Materials | Evolved 2 slots: Propulsion x2 643 | -9/Materials | Core integrity fell below 50% 655 | -9/Materials | Self-destructed Last Messages --------------- 00641_ Kicked G-34 Mercenary. 00642_ Overheating: Aluminum Leg damaged (-27). 00643_ Overheating: Energy bleed (-33). 00645_ Overheating: Matter decay (-46). 00646_ Aluminum Leg broken. 00646_ Overheating: Short circuit. 00646_ K-01 Serf collects debris. 00648_ Power failure, Ion Engine shutdown. 00648_ Spread Laser destroyed. 00650_ Overheating: Energy bleed (-24). 00650_ Med. Armor Plating destroyed. 00651_ K-01 Serf collects debris. 00652_ Overheating: Matter decay (-21). 00654_ Overheating: Broken Aluminum Leg damaged (-23). 00654_ Aluminum Leg destroyed. 00655_ Overheating: Sml. Storage Unit damaged (-38). 00655_ Overheating: Ion Engine damaged (-3). 00655_ Overheating: Broken Aluminum Leg damaged (-26). 00655_ Overheating: Field Laser damaged (-16). 00655_ K-01 Serf collects debris. Map ----- +----------------------------------------------------+ | |## !!#?????????????# [ #????????????????? | | +#### #?????????????# = #????????????????? | | [[#?????????????# """ #????????????????? | | #?????????????# """ #????????????????? | | !!#?????????????# "" """ #########????????? | | # #####?????????????# "T # ???????? | | # #?????????????????# "" # """ """ ???????? | | # #?????????????????# # """ """ #??????? | | # ########################+#### """ """ #??????? | | # # #??????? | | # !" #??????? | | # # #??????? | | ######## #################### # ! #??????? | | ???#!! #??????????????????# ###########??????? | | ???#!! [ #??????????????????# #????????????????? | | ???#== [ #??????????????????# #????????????????? | | ???#== #??????????????????# #????????????????? | | ???# ! #???????############ ##???????????????? | | ???#!! #???????# # #???????????????? | | ???####### ##??????# """ [+ #???????????????? | | ?????????? ## ????# """ !!/*# #???????????????? | | ?????????? ## ??# """ ! / #####???????????????? | | ?????????? ## # !// #???????????????????? | | ?????????? ## + #???????????????????? | | ?????????? #???????# g k #???????????????????? | | ?????????? #???????# ! @ #???????????????????? | | ?????????? #???????######g####???????????????????? | | ??????????????????????? ?????????????????????? | | ????????????????????? ???????????????????? | | ???????????????????# ?????????????????? | | ???????????????????# ???????????????? | | ???????????????????# ?????????????? | | ?????????????????? ???????????? | | ????????????????? """" """" ??????????? | | ???????????????? """" """" ???????????? | | ???????????????##### g"""" """" "T???????????? | | ???????????????????# ? t ????? ????????????? | | ???????????????????# ???? [ ??????????????????? | | ??????????????????? ?????####??????????????????? | | ???????????????????# ???????????????????????????? | | ?????????????????????????????????????????????????? | | ?????????????????????????????????????????????????? | | ?????????????????????????????????????????????????? | | ?????????????????????????????????????????????????? | | ?????????????????????????????????????????????????? | | ?????????????????????????????????????????????????? | | ?????????????????????????????????????????????????? | | ?????????????????????????????????????????????????? | | ?????????????????????????????????????????????????? | | ?????????????????????????????????????????????????? | +----------------------------------------------------+ Best States ------------- Heat Dissipation 28 Energy Generation 10 Energy Capacity 250 Matter Stores 296 Matter Capacity 300 Sight Range 16 Terrain Scan Density 10 Armor Coverage 225 Evasion (%) 55 Item Schematics ----------------- None Robot Schematics ------------------ None Fabricated ------------ Nothing Repaired ---------- Nothing Studied --------- None Alien Tech Used ----------------- None Achievements -------------- None Challenges ------------ None Game ------ Seed GatlingBlastRifle Manual? 0 Play Time 00:10:25 Cumulative 14.6 hours Start 2025.10.28 @ 22:11:13 End 2025.10.28 @ 22:20:52 Sessions 1 Manual Loads 0 Difficulty Rogue Special Mode None Game No. 35 Rogue 35 Adventurer 0 Explorer 0 Win Type - Total 0 Types 0/0/0/0/0/0/0/0/0/0 Lore% 3 Gallery% 15 Achievement% 11 Wizard Run 0 Options --------- Layout 0 ASCII 0 Keyboard 1 Movement Arrows Keybinds 0 Fullscreen 1 Font 24/Smallcaps Map View 38x25 Zoom Use 86% Tactical HUD 1 Map Filters NONE Filters NONE Steam 1 RUN: 787fdc21-c4e1-4866-944e-3c68a48fc41f